 Dungeon Crawl Stone Soup version 0.22.1-5-g62c59d9 (webtiles) character file.

19456 Fang the Cleaver (level 12, -3/115 HPs)
             Began as a Gargoyle Berserker on Jan 10, 2019.
             Was a High Priest of Trog.
             Slain by a blink frog (6 damage)
             ... on level 2 of the Lair of Beasts on Jan 11, 2019.
             The game lasted 00:22:23 (15168 turns).

Fang the Cleaver (Gargoyle Berserker)              Turns: 15168, Time: 00:22:23

Health: -3/115     AC: 20    Str: 31    XL:     12   Next: 69%
Magic:  12/12      EV: 13    Int:  8    God:    Trog [*****.]
Gold:   781        SH:  4    Dex:  9    Spells: 11/11 levels left

rFire    + . .     SeeInvis +   y - +2 hand axe (flame)
rCold    . . .     Gourm    .   (no shield)
rNeg     + . .     Faith    .   I - +1 ring mail "Xacoutal" {rF+ MR+}
rPois    ∞         Spirit   .   (no helmet)
rElec    +         Reflect  +   (no cloak)
rCorr    .         Harm     .   o - +2 pair of gloves
MR       +....                  (no boots)
Stlth    ..........             n - +4 amulet of reflection
HPRegen  0.29/turn              a - ring of see invisible
MPRegen  0.13/turn              p - ring of stealth

@: berserking, starving, very quick
A: negative energy resistance 1, electricity resistance, unbreathing,
petrification resistance, rot immunity, AC +8
a: Berserk, Trog's Hand, Brothers in Arms, Renounce Religion


You were on level 2 of the Lair of Beasts.
You worshipped Trog.
Trog was extremely pleased with you.
You were starving.

You visited 3 branches of the dungeon, and saw 14 of its levels.
You also visited: Ossuary.

You collected 781 gold pieces.

Inventory:

Hand Weapons
 d - a +1 executioner's axe of electrocution
 h - a +1 vampiric broad axe
 q - a +1 war axe
 y - a +2 hand axe of flaming (weapon)
Armour
 f - a +3 plate armour
 o - a +2 pair of gloves (worn)
 I - the +1 ring mail "Xacoutal" (worn) {rF+ MR+}
   (You found it on level 6 of the Dungeon)

   It protects you from fire.
   It affects your resistance to hostile enchantments.
Jewellery
 a - a ring of see invisible (left hand)
 b - a cursed amulet of inaccuracy {unknown}
 k - an uncursed amulet of faith {unknown}
 n - a +4 amulet of reflection (around neck)
 p - a ring of stealth (right hand)
 x - an uncursed ring of resist corrosion {unknown}
Wands
 m - a wand of scattershot (5)
 v - a wand of polymorph (13)
 D - a wand of flame (45)
 E - a wand of digging (16)
 L - a wand of iceblast (19)
 N - a wand of acid (10)
Scrolls
 e - 9 scrolls of teleportation
 r - a scroll of fog
 s - a scroll of enchant armour
 t - a scroll of fear
 w - 6 scrolls of remove curse
Potions
 g - 3 potions of lignification
 i - a potion of berserk rage {unknown}
 j - 3 potions of heal wounds
 l - 4 potions of flight
 u - 3 potions of brilliance {unknown}
 z - a potion of cancellation {unknown}
 A - 2 potions of ambrosia {unknown}
 B - a potion of invisibility {unknown}
 H - 4 potions of agility {unknown}
 J - 2 potions of haste {unknown}
 K - 2 potions of curing {unknown}
Comestibles
 c - 26 rations


   Skills:
 + Level 10.0 Fighting
 + Level 14.2 Axes
 + Level 8.2 Armour
 + Level 5.5 Dodging
 + Level 4.1 Stealth


You had 11 spell levels left.
You didn't know any spells.
Your spell library was empty.

Dungeon Overview and Level Annotations

Branches:
Dungeon (11/15)            Temple (1/1) D:7            Lair (2/6) D:11
  Swamp: Lair:2-4    Shoals: Lair:2-4     Snake: Lair:2-4    Spider: Lair:2-4
    Orc: D:9-12

Altars:
Ashenzari
Dithmenos
Elyvilon
Fedhas
Gozag
Makhleb
Nemelex Xobeh
Okawaru
Ru
Trog
Vehumet
Wu Jian
Xom
Yredelemnul
Zin
The Shining One

Shops:
D:7 %


Innate Abilities, Weirdness & Mutations

You are resistant to torment.
Your stone body is resilient. (AC +8)
You are immune to poison.
You resist negative energy. (rN+)
You are resistant to electric shocks. (rElec)
You can survive without breathing.
You are immune to petrification.
You are immune to rotting.


Message History

Trog accepts your kill.
Your Fighting skill increases to level 10!
You slash the blink frog! You burn the blink frog.
You kill the blink frog!
Trog accepts your kill.
You hit the blink frog. You burn the blink frog.
You are starving!
The blink frog blinks!
The blink frog hits you.
* * * LOW HITPOINT WARNING * * *
You closely miss the blink frog. You hit the blink frog.
You burn the blink frog. The blink frog hits you.
* * * LOW HITPOINT WARNING * * *
Unknown command.
You miss the blink frog. You slash the blink frog! You burn the blink frog.
You barely miss the blink frog. You slash the blink frog!
You burn the blink frog.
You kill the blink frog!
Trog accepts your kill. The blink frog hits you.
You die...

#P.....#
......#
##...§.#
#.P##P.....#
#......F...##
##....#.P....#
#.....#..F..#
#.....P.†@..#
#.#....+%.†..#
.......P###..#
##........#
##.......#
##....§..#
#........#
#........#
#.#.......#


You could see 2 blink frogs.

Vanquished Creatures
  A hydra (D:10)
  5 two-headed ogres
  An ugly thing (D:11)
  2 spiny frogs (Lair:1)
  A komodo dragon (Lair:1)
  2 trolls
  A hornet (D:11)
  2 blink frogs (Lair:2)
  2 hippogriffs
  3 wyverns
  21 yaks
  A water elemental (D:11)
  2 hungry ghosts
  Menkaure (D:5)
  3 wargs (D:11)
  A water moccasin (Lair:2)
  3 porcupines (Lair:1)
  4 orc warriors
  An ice beast (D:11)
  An eye of draining (D:9)
  2 sky beasts
  2 phantoms
  5 ogres
  11 centaurs
  3 crocodiles
  3 big kobolds
  3 elf zombies (Ossuary)
  10 bullfrogs
  A wyvern skeleton (D:9)
  2 scorpions (D:7)
  20 killer bees
  5 wights
  5 howler monkeys
  2 electric eels (D:11)
  5 crimson imps
  2 quasits
  A bullfrog zombie (D:10)
  3 hounds
  5 human zombies (Ossuary)
  4 centaur zombies (Ossuary)
  9 orc priests
  A centaur skeleton (D:8)
  3 jellies (D:8)
  3 gnoll shamans (D:3)
  2 bullfrog skeletons (D:10)
  10 orc wizards
  Crazy Yiuf (D:4)
  Ijyb (D:3)
  2 iguanas (D:8)
  7 worker ants
  A hound skeleton (D:7)
  3 mummies (Ossuary)
  2 worker ant zombies (D:7)
  A howler monkey zombie (D:6)
  A howler monkey skeleton (D:8)
  13 adders
  34 gnolls (D:3)
  2 shadow imps
  7 oozes
  5 worms
  A dart slug (D:3)
  5 leopard geckos
  37 orcs
  2 ball pythons
  4 giant cockroaches
  8 goblins
  9 hobgoblins
  39 jackals
  19 kobolds
  4 quokkas
  7 bats
  17 frilled lizards
  A jackal skeleton (D:4)
  A leopard gecko skeleton (D:5)
  13 rats
  2 plants (D:11)
429 creatures vanquished.

Vanquished Creatures (collateral kills)
  2 hydras
  The ghost of wallyj24 the Chucker, a novice TrHu of Okawaru (D:7)
  A killer bee (D:11)
4 creatures vanquished.

Grand Total: 433 creatures vanquished

Notes
Turn   | Place    | Note
-------+----------+-------------------------------------------
     0 | D:1      | Fang the Gargoyle Berserker began the quest for the Orb.
     0 | D:1      | Reached XP level 1. HP: 14/14 MP: 1/1
    72 | D:1      | Reached XP level 2. HP: 14/19 MP: 2/2
    75 | D:1      | Reached skill level 3 in Axes
   418 | D:1      | Reached XP level 3. HP: 24/24 MP: 3/3
   432 | D:1      | Reached ** piety under Trog
   776 | D:2      | Noticed a bullfrog
   789 | D:2      | Killed a bullfrog
   789 | D:2      | Reached skill level 4 in Axes
   789 | D:2      | Reached XP level 4. HP: 29/29 MP: 4/4
  1009 | D:2      | Reached XP level 5. HP: 33/33 MP: 5/5
  1531 | D:3      | Noticed Ijyb
  1621 | D:3      | Killed Ijyb
  2120 | D:3      | Reached *** piety under Trog
  2262 | D:3      | Reached XP level 6. HP: 32/38 MP: 6/6
  2350 | D:3      | Found a shadowy altar of Dithmenos.
  2378 | D:3      | Reached skill level 5 in Axes
  2454 | D:3      | Reached **** piety under Trog
  2678 | D:3      | Reached XP level 7. HP: 35/44 MP: 7/7
  2788 | D:3      | Reached skill level 5 in Fighting
  2961 | D:3      | Reached skill level 6 in Axes
  3382 | D:4      | Reached ***** piety under Trog
  3541 | D:4      | Reached XP level 8. HP: 46/50 MP: 8/8
  3656 | D:4      | Reached skill level 7 in Axes
  3818 | D:4      | Found a sand-covered staircase.
  3887 | Ossuary  | Entered an ossuary
  3969 | Ossuary  | Received a gift from Trog
  3999 | Ossuary  | Reached skill level 5 in Armour
  4018 | Ossuary  | Reached skill level 8 in Axes
  4154 | Ossuary  | Reached XP level 9. HP: 21/55 MP: 9/9
  4420 | D:4      | Found a runed door.
  4424 | D:4      | Noticed Crazy Yiuf
  4430 | D:4      | Killed Crazy Yiuf
  4567 | D:5      | Entered Level 5 of the Dungeon
  4594 | D:5      | Noticed Menkaure
  4607 | D:5      | Killed Menkaure
  5261 | D:5      | Reached skill level 9 in Axes
  5645 | D:6      | Found an iron altar of Okawaru.
  5890 | D:6      | Found a shimmering altar of Xom.
  6478 | D:6      | Got a diamond-encrusted ring mail
  6489 | D:6      | Identified the cursed +1 ring mail "Xacoutal" {rF+ MR+}
                  | (You found it on level 6 of the Dungeon)
  7181 | D:7      | Reached skill level 10 in Axes
  7230 | D:7      | Found a runed door.
  7231 | D:7      | Noticed an eight-headed hydra
  7231 | D:7      | Noticed wallyj24's ghost (novice TrHu)
  7291 | D:7      | Found a staircase to the Ecumenical Temple.
  7390 | D:7      | Found Noanaps's Food Boutique.
  7397 | D:7      | Reached XP level 10. HP: 54/61 MP: 10/10
  7568 | D:7      | Killed an eight-headed hydra
  7568 | D:7      | Reached skill level 1 in Stealth
  7570 | D:7      | Killed wallyj24's ghost
  7780 | D:8      | Found a bloodstained altar of Trog.
  7960 | D:8      | Noticed a two-headed ogre
  7970 | D:8      | Killed a two-headed ogre
  8287 | D:8      | Reached skill level 11 in Axes
  8733 | D:9      | Noticed a two-headed ogre
  8739 | D:9      | Killed a two-headed ogre
  8909 | D:9      | Identified a scroll of acquirement
  8998 | D:9      | Noticed a two-headed ogre
  9005 | D:9      | Reached XP level 11. HP: 68/68 MP: 11/11
  9006 | D:9      | Killed a two-headed ogre
  9010 | D:9      | Received a gift from Trog
  9058 | D:9      | Noticed a two-headed ogre
  9067 | D:9      | Killed a two-headed ogre
  9067 | D:9      | Reached skill level 12 in Axes
  9440 | D:9      | Found a glowing golden altar of the Shining One.
  9441 | D:9      | Found a blossoming altar of Fedhas.
  9443 | D:9      | Found a basalt altar of Yredelemnul.
  9443 | D:9      | Found a radiant altar of Vehumet.
  9445 | D:9      | Found a white marble altar of Elyvilon.
  9446 | D:9      | Found an opulent altar of Gozag.
  9704 | D:10     | Entered Level 10 of the Dungeon
  9854 | Temple   | Entered the Ecumenical Temple
 10282 | D:10     | Noticed a four-headed hydra
 10296 | D:10     | Killed a five-headed hydra
 10673 | D:10     | Noticed a two-headed ogre
 10683 | D:10     | Killed a two-headed ogre
 11833 | D:11     | Found a staircase to the Lair.
 11922 | D:11     | Reached skill level 13 in Axes
 11972 | D:11     | Reached skill level 5 in Dodging
 11972 | D:11     | Reached XP level 12. HP: 40/76 MP: 12/12
 12436 | D:11     | Noticed a five-headed hydra
 12444 | D:11     | Killed a six-headed hydra
 13265 | D:11     | Received a gift from Trog
 13509 | D:11     | Paralysed by fainting for 6 turns
 13789 | Lair:1   | Entered Level 1 of the Lair of Beasts
 14444 | Lair:1   | Reached skill level 14 in Axes
 15164 | Lair:2   | Reached skill level 10 in Fighting
 15164 | Lair:2   | HP: 4/115 [blink frog (5)]
 15168 | Lair:2   | Slain by a blink frog

Skill      XL: |  1  2  3  4  5  6  7  8  9 10 11 12 |
---------------+-------------------------------------+-----
Axes           | 3 4 5 6 8 10 11 13 14 | 14.2
Fighting       | 4 5 6 7 9 10 | 10.0
Dodging        | 2 3 4 5 |  5.5
Armour         | 3 4 5 6 7 8 |  8.2
Stealth        | 3 4 |  4.1

Action                   |  1- 3 |  4- 6 |  7- 9 | 10-12 || total
-------------------------+-------+-------+-------+-------++-------
Melee: Hand axe          |    93 |   295 |   208 |   119 ||   715
       War axe           |       |       |   326 |   132 ||   458
       Executioner's axe |       |       |       |   317 ||   317
Invok: Berserk           |     1 |     1 |     1 |    12 ||    15
       Brothers in Arms  |       |       |       |     4 ||     4
  Use: Scroll            |       |       |       |    21 ||    21
 Stab: Sleeping          |       |       |     2 |     8 ||    10
  Eat: Chunk             |       |     8 |    10 |    29 ||    47
       Ration            |       |       |     2 |     3 ||     5
Armor: Animal skin       |    22 |       |       |       ||    22
       Chain mail        |    49 |   259 |   331 |       ||   639
       Ring mail         |       |       |    48 |   332 ||   380
Dodge: Dodged            |    72 |   199 |   289 |   418 ||   978
Block: Other             |       |       |    28 |   129 ||   157
       Reflection        |       |       |     5 |     2 ||     7
